Map: 애씨드 플랜트 - 래더

Players

Zest - Winner!

  • Race: Protoss Protoss
  • League: Master
  • Spawn Location: 11:00

MMA

  • Race: Terran Terran
  • Spawn Location: 5:00

Event: HomeStory Cup XVII

VOD

Have the link to the VOD?

Description

Time

  • Played on: June 30, 2018, 6:38 a.m.
  • Length: 8:45

All games in this series

Show
View Real Time Build Order
Export as new Build Order

Zest Protoss - Winner!

Build Orders: 1 Gate Expand, Oracle Opening 

Get SALT Encoding   

  12  0:00  Probe  
  13  0:13  Probe  
  14  0:17  Pylon  
  14  0:24  Probe  
  15  0:32  Probe  
  15  0:37  Gateway  
  15  0:40  Probe  
  16  0:46  Assimilator  
  17  0:51  Probe  
  18  1:03  Probe  
  19  1:15  Probe  
  20  1:23  Nexus  
  20  1:33  Cybernetics Core  
  20  1:37  Probe  
  21  1:42  Assimilator  
  21  1:49  Probe  
  22  1:54  Pylon  
  22  2:01  Probe  
  23  2:03  Adept, Pylon  
  25  2:21  Stargate  
  25  2:23  Probe  
  25  2:25  Warp Gate  
  26  2:32  Adept  
  28  2:37  Probe x2  
  30  2:45  Probe  
  30  2:49  Probe  
  32  2:52  Oracle  
  32  2:53  Probe  
  33  3:01  Probe  
  33  3:05  Probe  
  37  3:09  Adept  
  40  3:13  Probe  
  40  3:18  Probe, Shield Battery  
  42  3:20  Oracle  
  42  3:25  Probe  
  43  3:30  Probe  
  47  3:38  Probe  
  48  3:43  Probe  
  49  3:48  Oracle  
  49  3:50  Probe  
  49  3:55  Probe  
  51  4:01  Nexus  
  54  4:05  Pylon  
  54  4:15  Gateway x2  
  54  4:16  Pylon  
  54  4:18  Phoenix  
  54  4:24  Probe x2  
  58  4:40  Probe  
  58  4:41  Probe, Stalker  
  58  4:44  Shield Battery  
  62  4:45  Phoenix  
  62  4:49  Pylon  
  62  4:58  Pylon  
  64  5:00  Assimilator  
  64  5:05  Assimilator  
  64  5:11  Stalker  
  64  5:12  Stalker x2  
  64  5:13  Probe x2  
  72  5:19  Probe  
  73  5:25  Probe x2  
  73  5:27  Twilight Council  
  75  5:28  Forge  
  75  5:31  Probe  
  75  5:33  Protoss Ground Weapons Level 1  
  75  5:34  Blink  
  76  5:37  Probe x2  
  76  5:41  Adept x3  
  82  5:55  Probe x2  
  82  5:56  Probe  
  85  6:00  Gateway  
  85  6:01  Gateway  
  85  6:03  Gateway  
  85  6:18  Gateway, Robotics Facility  
  85  6:20  Gateway  
  85  6:30  Probe  
  85  6:31  Probe x2  
  85  6:32  Sentry x2  
  89  6:33  Stalker  
  91  6:40  Pylon  
  91  6:42  Shield Battery  
  91  6:43  Probe x2  
  91  6:44  Shield Battery  
  91  6:47  Pylon  
  93  6:51  Probe  
  94  6:55  Probe x2  
  96  7:09  Stalker  
  96  7:10  Immortal, Stalker x5  
  96  7:13  Pylon  
  109  7:17  Assimilator  
  112  7:23  Assimilator  
  112  7:39  Probe x3, Pylon  
  112  7:40  Pylon  
  112  7:42  Pylon  
  112  7:43  Pylon, Stalker x3, Zealot  
  112  7:44  Zealot  
  113  8:04  Sentry x2, Stalker x2  
  113  8:05  Zealot  
  113  8:19  Zealot x3  
  113  8:26  Zealot  
  113  8:33  Stalker x4  
Show
View Real Time Build Order
Export as new Build Order

MMA Terran 

Build Orders: Gas First Reaper Expand, Reaper Expand, MMM Bio 

Get SALT Encoding   

  12  0:00  SCV  
  13  0:12  SCV  
  14  0:16  Supply Depot  
  14  0:24  SCV  
  14  0:27  Refinery  
  15  0:38  SCV  
  16  0:44  Barracks  
  16  0:50  SCV  
  17  1:02  SCV  
  18  1:14  SCV  
  19  1:30  Orbital Command  
  19  1:31  Reaper  
  20  1:47  Command Center  
  20  1:56  Factory  
  20  1:58  SCV  
  21  2:03  Refinery  
  21  2:05  Barracks Reactor  
  21  2:11  SCV  
  21  2:15  Supply Depot  
  22  2:23  SCV  
  24  2:37  SCV  
  24  2:42  Starport  
  24  2:43  Marine x2  
  26  2:45  Widow Mine  
  26  2:49  SCV  
  29  3:01  Marine x2, SCV  
  32  3:08  Orbital Command  
  32  3:13  SCV, Factory Tech Lab  
  33  3:20  Marine x2  
  33  3:21  Starport Tech Lab  
  33  3:25  SCV  
  36  3:34  SCV  
  36  3:37  Marine, SCV  
  36  3:38  Marine  
  39  3:42  Banshee  
  39  3:45  Widow Mine  
  42  3:49  SCV x2  
  44  3:56  Marine x2  
  44  4:02  Supply Depot  
  46  4:05  Engineering Bay  
  46  4:24  Supply Depot, SCV x2  
  51  4:25  Raven, Marine  
  54  4:32  Marine, Terran Infantry Weapons Level 1  
  54  4:36  SCV x2  
  54  4:38  Barracks  
  54  4:39  Factory Tech Lab  
  54  4:41  Barracks  
  54  4:43  Marine  
  54  4:49  Refinery, Supply Depot  
  54  4:50  Marine, SCV  
  56  5:00  Missile Turret  
  56  5:01  SCV  
  56  5:03  SCV  
  58  5:08  Factory Reactor  
  58  5:13  SCV  
  59  5:15  SCV  
  59  5:16  Starport Reactor  
  59  5:21  Supply Depot  
  60  5:25  SCV  
  60  5:27  SCV  
  60  5:28  Stimpack, Barracks x2  
  62  5:34  Combat Shields  
  62  5:37  SCV  
  62  5:39  SCV  
  62  5:40  Marauder x2  
  68  5:43  Supply Depot  
  68  5:44  Supply Depot  
  68  5:47  Marine x2  
  70  5:52  Refinery  
  70  5:53  SCV x2  
  69  5:58  Widow Mine x2  
  69  5:59  Medivac  
  69  6:01  Medivac  
  77  6:07  Marauder  
  77  6:08  Marauder  
  77  6:10  Marine  
  80  6:12  Marine  
  80  6:17  SCV x2  
  83  6:21  Widow Mine  
  85  6:27  Terran Infantry Armor Level 1  
  85  6:28  Marauder  
  85  6:30  Marauder  
  85  6:31  Widow Mine, Marine x2  
  89  6:34  Marine x2  
  89  6:37  Supply Depot  
  91  6:40  Supply Depot  
  91  6:43  Widow Mine  
  93  6:54  Marine  
  93  6:56  Marine, Concussive Shells  
  93  6:59  Widow Mine, Marauder x2  
  100  7:01  Supply Depot  
  100  7:02  Supply Depot  
  100  7:03  Marine  
  100  7:04  Marine  
  100  7:05  Widow Mine  
  104  7:09  Medivac  
  104  7:12  Medivac  
  104  7:14  Marine x2  
  110  7:23  Widow Mine  
  110  7:28  Marauder x2, Marine x2  
  118  7:33  Widow Mine, Marine x2  
  122  7:38  Supply Depot  
  122  7:39  Supply Depot  
  122  7:45  Widow Mine  
  122  7:46  Marine x2  
  122  7:51  Marauder  
  126  7:52  Marauder  
  122  8:00  Marine x2  
  122  8:04  Marine  
  122  8:06  Widow Mine x2  
  122  8:12  Marauder, Marine  
  119  8:13  Marauder  
Tags
 
Add a new tag
Caveats
  • Supply blocks, unpowered buildings, or Contaminate may cause inaccurate times.
  • Supply counts are checked every 10 seconds.